 Dungeon Crawl Stone Soup version 0.27.1-1-g398f81649c (webtiles) character file.

Game seed: 16489440089106477099

60 nxtlvl the Cutter (level 3, -2/22 HPs)
             Began as a Deep Elf Monk on Sept 6, 2021.
             Slain by a hobgoblin (3 damage)
             ... on level 4 of the Dungeon.
             The game lasted 00:08:12 (911 turns).

nxtlvl the Cutter (Deep Elf Monk)                    Turns: 911, Time: 00:08:12

Health: -2/22      AC:  4    Str:  8    XL:     3   Next: 82%
Magic:  5/5        EV: 11    Int: 15    God:
Gold:   14         SH:  0    Dex: 23    Spells: 2/2 levels left

rFire    . . .     SeeInvis .   a - +0 short sword
rCold    . . .     Faith    .   (no shield)
rNeg     . . .     Spirit   .   d - +0 robe
rPois    .         Reflect  .   c - +0 helmet
rElec    .         Harm     .   (no cloak)
rCorr    .         Rampage  .   e - +0 pair of gloves
Will     .....                  (no boots)
Stlth    +++.......             (no amulet)
HPRegen  0.07/turn              i - +6 ring of dexterity
MPRegen  0.09/turn              (no ring)

@: flying, constricted, studying Spellcasting
A: no striking features
a: no special abilities


You were on level 4 of the Dungeon.
You visited 1 branch of the dungeon, and saw 4 of its levels.

You collected 14 gold pieces.

Inventory:

Hand Weapons
 a - a +0 short sword (weapon)
 h - a +0 hunting sling
 j - a +3 whip of venom
Missiles
 g - 44 arrows
 l - 5 javelins (quivered)
Armour
 c - a +0 helmet (worn)
 d - a +0 robe (worn)
 e - a +0 pair of gloves (worn)
Jewellery
 i - a +6 ring of dexterity (left hand)
Wands
 n - a wand of iceblast (12)
Scrolls
 f - a scroll of identify {unknown}
Potions
 b - a potion of flight
 k - 2 potions of heal wounds {unknown}
 m - 2 potions of curing


   Skills:
 - Level 2.4 Fighting
 * Level 4.8 Short Blades
 - Level 3.6 Dodging
 - Level 2.4 Stealth


You had 2 spell levels left.
You didn't know any spells.
Your spell library was empty.

Dungeon Overview and Level Annotations

Branches:
Dungeon (4/15)
 Temple: D:4-7

Altars:
Fedhas
Wu Jian


Message History

The ball python constricts you.
You escape the ball python's grasp.
The ogre shouts!
The hobgoblin hits you. The ball python barely misses you.
The ball python closely misses you. The ball python closely misses you.
The ball python grabs you. The ball python constricts you.
The ball python's grasp on you weakens, but your attempt to escape fails.
The hobgoblin completely misses you. The ball python barely misses you.
The ball python constricts you. The orc completely misses you.
You escape the ball python's grasp.
Found a scroll labelled ETICATO IP NYX and a war axe.
The orc wizard shouts!
Found a stone staircase leading down.
The hobgoblin barely misses you.
The orc priest mumbles some strange prayers to Beogh against you.
Beogh smites you!
Ouch! That really hurt!
* * * LOW HITPOINT WARNING * * *
There is a stone staircase leading down here.
The ball python closely misses you. The ball python grabs you.
You stop descending the stairs.
The ball python constricts you.
The hobgoblin hits you but does no damage.
Unknown command.
Unknown command.
You escape the ball python's grasp.
The hobgoblin misses you. The ball python closely misses you.
The ball python grabs you.
You stop descending the stairs.
The ball python constricts you.
* * * LOW HITPOINT WARNING * * *
Unknown command.
It was a potion of flight.
You feel very buoyant.
You fly up into the air.
The ball python barely misses you. The ball python constricts you.
* * * LOW HITPOINT WARNING * * *
The orc wizard mumbles some strange words.
The orc wizard flickers and vanishes!
Deactivating autopickup; reactivate with Ctrl-A.
The hobgoblin hits you.
You die...

.. #.. ##.##.. #......
#..... #.....# +..)..
#.....# #..... #.....#
.....##.....######## ..
...........Og@....#
..####.........S.....#
..#......{...o.o.....#
..#........?.........#
..#.....##+####......#
###.....##.# #......#
.......o...####........
..................##...
########..........#


You could see an ogre, an orc priest, an orc, a hobgoblin and a ball python.

Vanquished Creatures
  2 adders
  An adder skeleton (D:4)
  A dart slug (D:3)
  5 orcs (D:3)
  3 ball pythons
  A bat (D:3)
  5 endoplasms
  3 giant cockroaches
  A goblin (D:3)
  2 hobgoblins
  3 kobolds
  A frilled lizard (D:1)
  A rat (D:2)
29 creatures vanquished.

Notes
Turn   | Place    | Note
-------+----------+-------------------------------------------
     0 | D:1      | nxtlvl the Deep Elf Monk began the quest for the Orb.
     0 | D:1      | Reached XP level 1. HP: 13/13 MP: 3/3
   110 | D:2      | Reached XP level 2. HP: 10/18 MP: 4/4
   305 | D:3      | Found an ornate altar of the Wu Jian Council.
   313 | D:3      | Reached skill level 4 in Short Blades
   504 | D:4      | Reached XP level 3. HP: 16/22 MP: 5/5
   560 | D:4      | Noticed an ogre
   583 | D:3      | Found a blossoming altar of Fedhas.
   859 | D:4      | Noticed a scorpion
   911 | D:4      | HP: 1/22 [constriction (1)]
   911 | D:4      | Slain by a hobgoblin

Illustrated notes

Levels and vault maps discovered:
D:1:      heliophobic_arrival_henge, layout_loops_ring,
          ebering_ecumenical_altar_abandoned
D:2:      layout_basic, basic_altar
D:3:      layout_basic, overflow_temple_1_default, nicolae_wu_jian_wuxing_cycle
D:4:      layout_basic, nicolae_xom_altar_mimics, lemuel_temple_firewalk_a,
          kennysheep_another_room, minmay_lizard_king

Skill      XL: |  1  2 |
---------------+-------+-----
Short Blades   | 4 |  4.8
Fighting       | |  2.4
Dodging        | |  3.6
Stealth        | |  2.4

Action                   || total
-------------------------++-------
Melee: Short sword       ||    97
Throw: Javelin           ||     7
  Use: Potion            ||     2
 Stab: Sleeping          ||     7
       Distracted        ||     1
Armor: Robe              ||    19
Dodge: Dodged            ||    80
